 Dungeon Crawl Stone Soup version 0.19-a0-965-g50bf062 (webtiles) character file.

83 Yakui the Cudgeler (level 4, 34/34 HPs)
             Began as a Mummy Gladiator on July 9, 2016.
             Quit the game on level 2 of the Dungeon on July 12, 2016.
             The game lasted 00:03:49 (1045 turns).

Yakui the Cudgeler (Mummy Gladiator)                Turns: 1045, Time: 00:03:49

Health: 34/34      AC:  4    Str: 18    XL:     4   Next: 22%
Magic:  4/4        EV: 13    Int:  7    God:
Gold:   89         SH:  0    Dex: 13    Spells: 0 memorised, 3 levels left

rFire  x . .     SeeInvis .     a - +0 flail
rCold  + . .     Gourm    .     b - +0 leather armour
rNeg   + + +     Faith    .     (no shield)
rPois  ∞         Spirit   .     c - +0 helmet
rElec  .         Dismiss  .     (no cloak)
rCorr  .         Reflect  .     (no gloves)
SustAt .         Harm     .     (no boots)
MR     .....                    (no amulet)
Stlth  +.........               (no ring)
                                (no ring)

@: not resistant to hostile enchantments, very unstealthy
A: no food or potions, fire vulnerability, cold resistance 1, negative energy
resistance 3, torment resistance, unbreathing
a: no special abilities


You were on level 2 of the Dungeon.
You were not hungry.

You visited 1 branch of the dungeon, and saw 2 of its levels.

You collected 89 gold pieces.

Inventory:

Hand Weapons
 a - a +0 flail (weapon)
Missiles
 d - 3 throwing nets (quivered)
Armour
 b - a +0 leather armour (worn)
 c - a +0 helmet (worn)
Scrolls
 e - a scroll of amnesia {unknown}
 f - 2 scrolls of identify {unknown}
 g - a scroll of remove curse {unknown}


   Skills:
 + Level 2.9 Fighting
 + Level 3.2 Maces & Flails
 - Level 1.5 Throwing
 + Level 3.0 Dodging


You had 3 spell levels left.
You didn't know any spells.

Dungeon Overview and Level Annotations

Branches:
Dungeon (2/15)

Altars:


Innate Abilities, Weirdness & Mutations

You do not eat or drink.
Your flesh is vulnerable to fire.
You are immune to poison.
Your flesh is cold resistant. (rC+)
You are immune to negative energy. (rN+++)
You are immune to unholy pain and torment.
You can survive without breathing.


Message History

No target in view!
You now have 89 gold pieces (gained 4).
You see here a robe.
Done exploring.
Done exploring.
No target in view!
No target in view!
No target in view!
Done exploring.
Saving game... please wait.
Welcome back, Yakui the Mummy Gladiator.
Press ? for a list of commands and other information.
Done exploring.
Have to go through D:1.
Continue? [Y]es or [N]o only, please.
Have to go through D:1.
Continue?
Okay, then.
Done exploring.
Done exploring.
Are you sure you want to abandon this character and quit the game? (Confirm with "yes".)

#..#[#.#.#.##...........
#..#...#.#..............
#..#####.#....######....
#.....†..#....# #....
#..#####.#....######....
#..#...#.#..............
#..#.#.#.#...........###
#..#.#.#.#...........#
#..#.#.@.#...........#
#..#.#####...........#
#..#.................#
#..#.#####...........#
#..#.#...#...........#
#..#.#.#.#...........#
#..#.#.#.#...........#
#..#...#.#..##########
#..#####†#..#


There were no monsters in sight!

Vanquished Creatures
  Jessica (D:2)
  2 adders (D:2)
  2 worms (D:2)
  3 dart slugs (D:1)
  2 giant geckos
  3 bats
  A giant cockroach (D:2)
  4 jackals (D:1)
  A giant newt (D:1)
  4 goblins (D:1)
  3 kobolds (D:1)
  A rat (D:1)
27 creatures vanquished.

Notes
Turn   | Place    | Note
-------+----------+-------------------------------------------
     0 | D:1      | Yakui the Mummy Gladiator began the quest for the Orb.
     0 | D:1      | Reached XP level 1. HP: 16/16 MP: 1/1
   111 | D:1      | Reached XP level 2. HP: 19/22 MP: 2/2
   591 | D:2      | Reached XP level 3. HP: 28/28 MP: 3/3
   925 | D:2      | Noticed Jessica
   929 | D:2      | Killed Jessica
   929 | D:2      | Reached XP level 4. HP: 33/34 MP: 4/4
  1045 | D:2      | Upgraded the game from 0.19-a0-944-gb338e1e to 0.19-a0-965-g50bf062
  1045 | D:2      | Quit the game

Vault maps used:
D:1:      enne_arrival_octagon_isle
D:2:      roderic_lattice_a, uniq_jessica

Skill      XL: |  1  2  3 |
---------------+----------+-----
Maces & Flails | 3 |  3.2
Dodging        | 3 |  3.0
Fighting       | |  2.9
Throwing       | |  1.5

Action                   |  1- 3 |  4- 6 || total
-------------------------+-------+-------++-------
Melee: Flail             |    97 |     3 ||   100
Armor: Leather armour    |    40 |       ||    40
Dodge: Dodged            |    82 |     1 ||    83
